AoeStats
← Svenski

Pilgrims

509854436Analyzed
3v3 RM · 4d ago on Sep 28, 2026· 35m 22s· 6 players
Game mode
Random Map
Map size
Normal (6 player)
Population
200
Speed
Normal
Resources
Standard
Victory
Conquest
Starting age
Dark Age
Ending age
Imperial Age
RankedLock teamsTeams togetherTeam positionsShared explorationLock speedFull tech treeHidden civsTurbo modeCheats
Victory
Defeat
🇩🇪 Vietnamese · Germany
1377
+11
🇮🇳 Portuguese · India
1320
+13
🇨🇳 Japanese · China
1270
+15
🇷🇺 Turks · Russia
1309
-14
🇧🇪 Persians · Belgium
1278
-14
🇷🇺 Maya · Russia
1191
-11
KASPER
11:51 Feudal Age
11:49 Loom
17:58 Castle Age
19:55 Fletching
19:56 Double-Bit Axe
19:58 Horse Collar
24:00 Imperial Age
21:58 Heavy Plow
Svenski
2:32 Loom
10:50 Feudal Age
11:44 Double-Bit Axe
13:05 Town Watch
16:34 Castle Age
16:36 Fletching
16:46 Padded Archer Armor
17:29 Medium Warships
18:26 Horse Collar
19:49 Stone Mining
22:37 Stone Shaft Mining
21:52 Gold Mining
23:07 Wheelbarrow
31:08 Hand Cart
33:56 Scale Barding Armor
34:02 Forging
Вороня
7:13 Loom
13:23 Feudal Age
14:20 Fishing Lines
15:07 Stone Mining
16:30 Horse Collar
17:48 Double-Bit Axe
20:12 Castle Age
18:42 Fletching
19:23 Arson
21:38 Bodkin Arrow
chanakya
12:07 Feudal Age
12:58 Loom
16:35 Castle Age
17:40 Double-Bit Axe
21:18 Medium Warships
23:07 Fishing Lines
27:12 Horse Collar
29:07 Wheelbarrow
29:59 Heavy Plow
30:17 Bow Saw
31:49 Fletching
32:03 Gillnets
37:28 Imperial Age
Kawa
11:04 Feudal Age
14:57 Castle Age
14:07 Loom
15:57 Wheelbarrow
15:08 Town Watch
15:29 Double-Bit Axe
15:58 Medium Warships
18:03 Hand Cart
18:16 Bow Saw
17:51 Fishing Lines
23:09 Stone Mining
28:05 Gillnets
33:45 Imperial Age
31:17 Horse Collar
32:34 Fletching
34:11 Ballistics
33:50 Bodkin Arrow
34:41 Town Patrol
34:44 Bracer
35:47 Chemistry
34:58 Masonry
34:59 Careening
34:47 Murder Holes
ThomasDZK
4:42 Loom
13:51 Feudal Age
14:45 Double-Bit Axe
18:58 Castle Age
17:07 Scale Mail Armor
17:17 Forging
17:36 Horse Collar
17:38 Man-at-Arms
19:06 Long Swordsman
19:48 Squires
19:34 Gambesons
19:36 Arson
20:12 Bow Saw
20:57 Chain Mail Armor
25:02 Iron Casting
24:24 Fishing Lines
30:25 Pikeman
31:18 Horse Collar
34:46 Wheelbarrow
33:57 Town Watch
38:29 Imperial Age
Connection lost

Rejoining the realm…

Still unreachable

The connection could not be restored.

Session expired

The server has moved on; the page needs a fresh start.